[Event "44th Chess Olympiad Women 2022"]
[Site "Chennai"]
[Date "2022.08.03"]
[Round "6.21"]
[White "Cassi, Elisa"]
[Black "Avelino, Camila Biscaya"]
[Result "1-0"]
[ECO "C47"]
[WhiteElo "1922"]
[BlackElo "1863"]
[Annotator "TA"]
[PlyCount "67"]
[EventDate "2022.07.29"]
[EventType "team-tourn"]
[EventCountry "IND"]
[SourceTitle "playchess.com"]
[Source "ChessBase"]
[SourceQuality "1"]
[WhiteTeam "Italy"]
[BlackTeam "Portugal"]
[WhiteTeamCountry "ITA"]
[BlackTeamCountry "POR"]
[TimeControl "40/5400+30:1800+30"]

1. e4 e5 2. Nf3 Nc6 3. Nc3 Nf6 4. h3 h6 5. d4 exd4 6. Nxd4 {[%emt 0:00:06] C47: Scotch Four Knights and Four Knights with 4 g3.} Bb4 7. Nxc6 $1 bxc6 8. Bd3 {[%emt 0:00:59] The position is equal.} d5 {[%emt 0:01:43] [#]} 9. e5 $146 ({Predecessor:} 9. exd5 cxd5 10. O-O O-O 11. Qf3 c6 12. Re1 Bd6 13. Bf4 Rb8 14. b3 Rb4 15. Bxd6 Qxd6 {1-0 (53) Beerdsen,T (2458)-Vrolijk,L (2419) Chess.com INT 2017}) 9... Nd7 10. Qg4 Bxc3+ (10... Qe7 $14) 11. bxc3 $16 Qe7 12. O-O $1 {[%emt 0:02:32] White is much more active. The black rooks are badly placed.} (12. Qxg7 $6 Qxe5+ 13. Qxe5+ Nxe5 $14) 12... Qxe5 $2 (12... g5 $16) 13. Ba3 (13. Bf4 $142 Qf6 14. Rfe1+ (14. Bxc7 O-O $14) 14... Kf8 15. Bxc7 (15. Qe2 g6 $16)) 13... Nb6 $18 {[%emt 0:06:06] [#]} 14. Qb4 $36 {[%emt 0:14:38][%mdl 3072] Threatening mate with Rae1. White has strong compensation. White is in control.} Qd6 (14... Kd8 $142 15. Rfe1 Qf6) 15. Rae1+ (15. Qxd6 cxd6 16. Bxd6 Be6 $16) 15... Be6 {[%emt 0:04:18] [#]} 16. Qa5 (16. Qxd6 cxd6 17. Bxd6 Kd7 $14) 16... Qd8 (16... Qf4 17. c4 (17. Qc5 Qd6 $16) 17... Kd8 18. cxd5 cxd5) 17. f4 {[%emt 0:00:45] Threatens to win with f5.} g6 18. f5 gxf5 19. Bxf5 {[%emt 0:00:15] Black must now prevent Qc5. This bishop pair is nice.} Kd7 20. Bxe6+ fxe6 21. Rf7+ Kc8 22. Qa6+ Kb8 23. Rxe6 {[%emt 0:00:12][%cal Oa3d6] Strongly threatening Bd6!} Qc8 24. Qe2 ({Weaker is} 24. Qxc8+ Rxc8 25. Rxc6 (25. Rxh6 Kb7 $18) 25... Nc4 $18) 24... Kb7 $2 (24... Rd8 25. Rxc6 Rd7) 25. Bd6 {[%emt 0:01:19] White threatens Ree7 and mate.} Nd7 26. Ree7 cxd6 27. Rxd7+ {[%emt 0:00:07] White mates.} Kb6 28. Qe3+ c5 29. Rxd6+ Ka5 30. c4 dxc4 31. Qa3+ Kb5 32. Rf1 c3 33. Rb1+ Kc4 34. Qb3# {[%emt 0:00:02] Black did not feel at home in the position after the opening.  Weighted Error Value: White=0.25 (precise) /Black=0.55} 1-0

[Event "44th Chess Olympiad Women 2022"]
[Site "Chennai"]
[Date "2022.08.03"]
[Round "6.22"]
[White "Thorsteinsdottir, Hallgerdur"]
[Black "Mariroh, Fariha"]
[Result "0-1"]
[ECO "B52"]
[WhiteElo "1934"]
[BlackElo "1839"]
[Annotator "TA"]
[PlyCount "72"]
[EventDate "2022.07.29"]
[EventType "team-tourn"]
[EventCountry "IND"]
[SourceTitle "playchess.com"]
[Source "ChessBase"]
[SourceQuality "1"]
[WhiteTeam "Iceland"]
[BlackTeam "Indonesia"]
[WhiteTeamCountry "ISL"]
[BlackTeamCountry "INA"]
[TimeControl "40/5400+30:1800+30"]

1. e4 c5 2. Nf3 d6 3. Bb5+ Bd7 4. Bxd7+ Qxd7 5. c4 Nf6 6. Nc3 g6 7. O-O Bg7 8. d4 cxd4 9. Nxd4 O-O {[%emt 0:00:14] B52: Sicilian: Moscow Variation with 3...Bd7.} 10. f3 Rc8 11. b3 d5 {[%emt 0:01:28] The position is equal.} 12. e5 (12. exd5 $11 Nxd5 13. Nxd5) 12... Ne8 $15 13. Nxd5 {[%emt 0:03:16] Strongly threatening Ba3.} e6 {[%emt 0:06:11] [#]} 14. Nb4 $146 ({White should try} 14. Nf4) ({Predecessor:} 14. Nc3 Bxe5 15. Bb2 Qxd4+ 16. Kh1 Qxd1 17. Raxd1 Nc6 18. Rd2 Rd8 19. Re2 Bg7 20. g3 {0-1 (41) Leiva Rodriguez,J (2405)-Golubev,M (2461) Chess.com INT 2021}) 14... Bxe5 15. Nbc2 Rd8 $1 {[%emt 0:03:49] aiming for ...Nc6.} 16. Be3 Nc6 17. Nxc6 Qxc6 18. Qe2 Bxa1 19. Rxa1 Qd6 20. Bd4 f6 21. f4 Kf7 22. Re1 Ng7 23. Qf3 Nf5 24. Ba1 (24. Qxb7+ $17 Qd7 25. Qxd7+ Rxd7 26. Bc3) 24... Qd3 $2 (24... Qb6+ $19 {is more deadly.} 25. Kh1 Rf8) 25. Qxb7+ $17 Ne7 26. Nd4 {[%emt 0:02:54] [#]} Rxd4 $1 27. Qxa8 Qd2 {[%emt 0:00:11][%cal Rd2e1] Chess con chili.} 28. Rb1 {[%emt 0:11:22] [#]} Qe3+ $40 {[%emt 0:11:06][%mdl 128] Black is out for blood.} 29. Kh1 Rxf4 30. h3 $2 (30. Qd8 $17) 30... Qd3 $2 (30... g5 $19 {And now ...g4 would win.} 31. Qb7 g4 32. hxg4 Qg3) 31. Rg1 $15 g5 {[%emt 0:09:48] White must now prevent ...g4.} 32. Qxa7 $2 {[%emt 0:01:47][%mdl 8192] [#]} (32. Bb2 $1 $15) 32... g4 $1 $19 33. hxg4 (33. g3 $142 Qf3+ 34. Kh2) 33... Qg3 34. Rb1 Rxg4 {[%emt 0:00:28][%csl Gg4][%cal Rg3g2] Black mates.} 35. Qb7 Rh4+ 36. Kg1 Qe3+ {[%emt 0:00:06] Weighted Error Value: White=1.19/Black=0.38} 0-1

[Event "44th Chess Olympiad Women 2022"]
[Site "Chennai"]
[Date "2022.08.03"]
[Round "6.33"]
[White "Thurner, Anya"]
[Black "Chong, Kai Ni Agnes"]
[Result "1/2-1/2"]
[ECO "B20"]
[WhiteElo "1619"]
[BlackElo "1909"]
[Annotator "TA"]
[PlyCount "123"]
[EventDate "2022.07.29"]
[EventType "team-tourn"]
[EventCountry "IND"]
[SourceTitle "playchess.com"]
[Source "ChessBase"]
[SourceQuality "1"]
[WhiteTeam "New Zealand"]
[BlackTeam "Malaysia"]
[WhiteTeamCountry "NZL"]
[BlackTeamCountry "MAS"]
[TimeControl "40/5400+30:1800+30"]

1. e4 c5 2. b3 g6 3. Bb2 Nf6 4. e5 Nd5 5. Nc3 Nxc3 6. Bxc3 {[%emt 0:00:08] B20: Sicilian: Unusual White 2nd moves.} Bg7 7. f4 O-O 8. Nf3 {[%emt 0:00:28] Black has an edge.} Nc6 9. Bb5 {[%emt 0:01:54] [#]} d6 $146 (9... Nb4 $15) ({Predecessor:} 9... Qc7 10. O-O a6 11. Bxc6 Qxc6 12. a4 b6 13. Qe2 Bb7 14. Rae1 b5 15. axb5 axb5 {0-1 (47) Barthel,A (2194)-Shengelia,D (2572) Vienna 2016}) 10. O-O ({White should try} 10. Bxc6 $11 bxc6 11. O-O) 10... Bd7 11. exd6 exd6 12. Bxg7 Kxg7 13. Kh1 Qf6 14. Ng5 d5 15. Bxc6 Bxc6 16. d3 h6 17. Nh3 d4 18. Qg4 Rae8 19. Rae1 {[%emt 0:02:29] [#]} Re3 $1 20. Rxe3 dxe3 21. Qe2 Re8 22. a4 a6 (22... Qh4 $19 {White must now prevent ...Qxh3.} 23. Ng1 Kg8) 23. Ng1 $17 b5 24. axb5 axb5 25. h3 Bd7 26. Kh2 h5 27. Rf3 b4 28. g3 $2 (28. Qe1 $17 {might work better.}) 28... Qd4 29. Rf1 Qb2 30. Nf3 {[%emt 0:00:22][%cal Bg1f3,Bf3e1,Be1g2][%mdl 32] [#]} f6 $2 ({Black should play} 30... Be6 $1 $19 {[%cal Re6b3] aiming for ...Bxb3.} 31. Re1 Ra8) 31. Ne1 Bc6 32. Ng2 $1 Qd4 33. Re1 Qd5 34. Qf1 Qd4 35. Qe2 Bxg2 36. Kxg2 $11 {[%emt 0:00:12][%mdl 4096] Endgame KQR-KQR} Qc3 37. Kf3 g5 38. fxg5 fxg5 39. Kg2 Qd2 (39... Kh6 {is more complex.} 40. g4 h4 41. Rf1 Qe5) 40. Qxd2 exd2 {[%emt 0:00:08] KR-KR} 41. Rd1 Re2+ 42. Kf3 Rh2 43. h4 $1 gxh4 44. gxh4 {[%emt 0:00:00] The position is equal.} Rxh4 45. Rxd2 Rg4 46. Re2 (46. Rh2 $5 Rg5 47. Re2 $11) 46... Kf6 47. Re8 Rg5 48. Re4 Rd5 49. Rc4 Kf5 50. Kg3 Kg5 51. Kh3 Re5 52. Kg3 Kf5 53. Kf3 Rd5 54. Kg3 Ke5 55. Kf3 Kd6 {[%emt 0:00:00] And now ...Rd4 would win.} 56. Rh4 Rg5 57. Kf2 Kd5 58. Kf3 Ke5 59. Re4+ Kf5 60. Rf4+ Ke5 {[%emt 0:01:01] Hoping for ...Rf5.} 61. Re4+ Kd5 62. Rh4 {[%emt 0:00:00] And White is the lucky defender.  Weighted Error Value: White=0.17 (very precise) /Black=0.22 (precise)} 1/2-1/2

[Event "44th Chess Olympiad Women 2022"]
[Site "Chennai"]
[Date "2022.08.03"]
[Round "6.34"]
[White "Munoz Santana, Doribel"]
[Black "Avila Fraire, Ameyalli"]
[Result "1/2-1/2"]
[ECO "D05"]
[WhiteElo "1851"]
[BlackElo "1907"]
[Annotator "TA"]
[PlyCount "78"]
[EventDate "2022.07.29"]
[EventType "team-tourn"]
[EventCountry "IND"]
[SourceTitle "playchess.com"]
[Source "ChessBase"]
[SourceQuality "1"]
[WhiteTeam "Dominican Republic"]
[BlackTeam "Mexico"]
[WhiteTeamCountry "DOM"]
[BlackTeamCountry "MEX"]
[TimeControl "40/5400+30:1800+30"]

1. d4 Nf6 2. Nf3 d5 3. e3 e6 4. Bd3 c5 5. c3 Nc6 6. O-O b6 7. Nbd2 Bb7 8. Re1 Be7 {[%emt 0:02:28] D05: Colle System with ...e6.} 9. b3 O-O 10. Bb2 Rc8 11. Rc1 Bd6 {[%emt 0:13:52] [#]} 12. e4 $146 ({Predecessor:} 12. dxc5 bxc5 13. e4 Qc7 14. g3 Rfd8 15. Qe2 Nd7 16. exd5 exd5 17. Bb1 Nce5 18. Nxe5 Nxe5 {1-0 (48) Caiazzo,D (1754)-Taurisano,V (1908) Napoli 2014}) 12... dxe4 13. Nxe4 cxd4 14. Nxd6 Qxd6 15. cxd4 Nb4 16. Rxc8 Rxc8 17. Bb1 Nbd5 18. Qd2 Qf4 19. Rc1 Rxc1+ 20. Bxc1 Qxd2 21. Bxd2 Ne8 22. Bd3 Nd6 23. Ne1 Nf5 24. Nc2 Nh4 25. f3 g6 26. Kf2 Nf5 27. g4 Nfe7 28. Be4 Ba6 29. Nb4 Nxb4 30. Bxb4 Nd5 31. Bxd5 exd5 $11 {[%emt 0:00:06][%mdl 4096] Endgame KB-KB} 32. g5 Kg7 33. Bd6 Bd3 {[%emt 0:00:24] The position is equal.} 34. Bb8 a6 35. Be5+ Kf8 36. Bf6 Ke8 37. Ke3 Bb1 38. a3 Kd7 39. Kd2 Bf5 {[%emt 0:00:46] Weighted Error Value: White=0.02 (flawless) /Black=0.03 (flawless)} 1/2-1/2

[Event "44th Chess Olympiad Women 2022"]
[Site "Chennai"]
[Date "2022.08.03"]
[Round "6.39"]
[White "Mihailova, Alina"]
[Black "Mariam, Essa"]
[Result "1-0"]
[ECO "A64"]
[WhiteElo "1926"]
[BlackElo "1591"]
[Annotator "TA"]
[PlyCount "111"]
[EventDate "2022.07.29"]
[EventType "team-tourn"]
[EventCountry "IND"]
[SourceTitle "playchess.com"]
[Source "ChessBase"]
[SourceQuality "1"]
[WhiteTeam "Moldova"]
[BlackTeam "United Arab Emirates"]
[WhiteTeamCountry "MDA"]
[BlackTeamCountry "UAE"]
[TimeControl "40/5400+30:1800+30"]

1. d4 Nf6 2. c4 c5 3. d5 e6 4. Nc3 exd5 5. cxd5 d6 6. g3 g6 7. Bg2 Bg7 8. Nf3 O-O 9. O-O a6 10. a4 Re8 11. Nd2 Nbd7 12. Nc4 Ne5 13. Nxe5 Rxe5 14. e4 {[%emt 0:08:25] has lost popularity (14.Bf4).} Re8 {[%emt 0:07:32] A64: Modern Benoni: Fianchetto Variation: 9...Nbd7 10 Nd2 a6 11 a4 Re8.} 15. h3 Rb8 16. Qd3 {[%emt 0:03:43] Inhibits b5.} b5 (16... Nd7 $11) 17. axb5 $14 axb5 18. Nxb5 Qb6 {[%emt 0:01:34] And now ...Ba6 would win.} 19. Nc3 Nd7 {[%emt 0:00:44] [#]} 20. Kh2 $146 ({Predecessor:} 20. Qe2 Bd4 21. Rd1 Ne5 22. Be3 Bxe3 23. Qxe3 Bd7 24. Rab1 Qb3 25. Qe2 {0-1 (63) Trimitzios,P (2086)-Fidrilakis,S (1919) Porto Rio 2016}) 20... Ne5 21. Qe2 c4 22. Na4 Qc7 {[%emt 0:07:51][%mdl 1024] Black has compensation.} 23. Qc2 Nd3 (23... Bd7 $5 ) 24. Ra3 Bd7 25. Nc3 Rec8 ({Black should play} 25... f5 $17) 26. f4 (26. Nd1 $1 $11) 26... Qb6 (26... f5 $17) 27. Nd1 $1 $15 Bd4 28. g4 (28. Bd2 $11) 28... Qc5 $17 29. Ra1 Ra8 $36 {[%emt 0:01:56][%mdl 2048] Black is in control.} 30. Rxa8 Rxa8 31. Nc3 Rb8 32. Rd1 (32. e5 $15 Qb4 33. Ne4) 32... Nxc1 (32... Rb4 $17 33. g5 Qb6 34. Rxd3 cxd3 35. Qxd3 Qc5) 33. Rxc1 $15 Be3 {[%emt 0:00:08][%cal Bd4e3,Be3f4,Bf4e5][%mdl 32] This bishop pair is nice.} 34. Rf1 Qd4 35. Nd1 $2 {[%emt 0:00:34] [#]} ({Better is} 35. f5 $15) 35... Bxf4+ $1 $19 36. Kh1 Be5 37. Rf3 (37. Qf2 {was called for.} f6 38. Nc3) 37... Ra8 38. Nc3 {[%emt 0:00:33] Prevents Ba4.} (38. Qe2 {is tougher.}) 38... Ra1+ 39. Rf1 {[%emt 0:00:12] [#]} Rxf1+ 40. Bxf1 Qe3 41. Qe2 Qc1 42. Kg2 Bxc3 $2 ({Don't blunder} 42... Qf4 $2 43. Qf2 Qg5 44. Bxc4 $19) (42... h5 $19 {aiming for ...hxg4.} 43. Kf2 Bd4+ 44. Kg2 hxg4 45. hxg4 Qg5) 43. bxc3 {[%emt 0:00:02][%mdl 4096] Endgame KQB-KQB} Bb5 44. Qf3 Kg7 45. h4 Qd2+ 46. Kg1 Ba4 47. g5 Bd1 48. Qg3 Be2 $2 (48... Bc2 $11) 49. Qf2 $18 ({Not} 49. Qxd6 Qe3+ 50. Kh2 Qf2+ 51. Bg2 Qxh4+ 52. Bh3 Qxg5 $17) 49... Qxc3 {[%emt 0:00:00] Strongly threatening ...Bd3.} 50. Bxe2 Qc1+ (50... Kg8 $142 51. Kg2 Qc2) 51. Kg2 {[%emt 0:00:00][%cal Oe4e5] Black must now prevent e5!} c3 {[%emt 0:00:00] [#]} 52. Bd3 $1 ({Worse is} 52. Qf6+ Kg8 $11) 52... Qb2 $2 (52... Qd1 53. Qf6+ Kg8 54. Qxc3 Qg4+ 55. Kf1 Qxh4) 53. Qxb2 cxb2 54. e5 (54. Kf2 $142 {[%cal Oe4e5] White threatens e5! and mate.} f6 55. Kf3) 54... dxe5 55. d6 {[%emt 0:00:13] Intending d7 and mate.} Kf8 (55... e4 $18 56. Bxe4 f5) 56. Kf3 {[%emt 0:00:12] What a bad dream for Black.  Weighted Error Value: White=0.48/Black=0.51} 1-0

[Event "44th Chess Olympiad Women 2022"]
[Site "Chennai"]
[Date "2022.08.03"]
[Round "6.40"]
[White "Monroy G., Nataly A."]
[Black "Mutisya, Jully"]
[Result "1-0"]
[ECO "E90"]
[WhiteElo "1907"]
[BlackElo "1428"]
[Annotator "TA"]
[PlyCount "57"]
[EventDate "2022.07.29"]
[EventType "team-tourn"]
[EventCountry "IND"]
[SourceTitle "playchess.com"]
[Source "ChessBase"]
[SourceQuality "1"]
[WhiteTeam "Bolivia"]
[BlackTeam "Kenya"]
[WhiteTeamCountry "BOL"]
[BlackTeamCountry "KEN"]
[TimeControl "40/5400+30:1800+30"]

1. d4 Nf6 2. Nf3 g6 3. c4 Bg7 4. Nc3 O-O 5. e4 d6 6. h3 e5 7. d5 a5 8. Be3 {[%emt 0:03:14] 8.g4 gains popularity.} Nfd7 {[%emt 0:07:15] E90: King's Indian: Classical: Early deviations and 6 h3.} 9. g4 Na6 10. Bd3 Ndc5 {[%emt 0:01:11] The position is equal.} 11. Bc2 f5 12. gxf5 (12. exf5 {with more complications.} gxf5 13. Bxf5 Rxf5 14. gxf5 Bxf5 15. Kf1) 12... gxf5 13. exf5 Bxf5 14. Bxf5 Rxf5 15. Rg1 {[%emt 0:00:03] Hoping for Bh6.} Kh8 16. Ng5 {[%emt 0:01:07] [#]} Nb4 $146 {[%emt 0:24:58] ...Bh6 is the strong threat.} ({Predecessor:} 16... Qd7 17. Qd2 e4 18. O-O-O Re8 19. Kb1 a4 20. Bd4 a3 21. Ne6 Bxd4 22. Qxd4+ Re5 23. Nxe4 Nxe4 {1-0 (32) Nakhbayeva,G (2333)-Frolov,A (2322) Chess.com INT 2021}) 17. Qh5 {[%emt 0:01:24][%csl Gg5][%cal Rh5h7] Against Bh6} Nbd3+ 18. Kd2 Qg8 19. Rg4 $1 {[%emt 0:10:16] aiming for Rag1. Dancing on a razor blade.} Nf4 (19... Nxf2 $2 20. Rh4 $16) 20. Bxf4 exf4 21. Re1 (21. Rag1 $1 $14) 21... h6 $2 {[%emt 0:04:48] [#]} (21... Bf6 $1 $11 {and Black is okay.} 22. h4 Be5) 22. h4 $4 {[%emt 0:04:49][%mdl 8192] [#]} (22. Re7 $1 $18 {is the narrow road to win.} Rxg5 23. Rxg5 Bxc3+ 24. Kxc3 Ne4+ 25. Rxe4 Qxg5 26. Qf7 Qg7+ 27. Qxg7+ Kxg7 28. Re7+ (28. Rxf4 Re8 $16) 28... Kf6 29. Rxc7) 22... Nd7 $2 ({Black should try} 22... Qf8 $1 $19 {White must now prevent ...Kg8.} 23. Re6 b5) 23. Re7 {[%emt 0:01:01] White is more active.} ({Better is} 23. Re6 $16 Qf8 24. Nb5) 23... Nf6 $2 (23... Ne5 $11) 24. Nf7+ $18 Qxf7 25. Qxf7 Ne4+ 26. Nxe4 Rxf7 27. Rxf7 Bxb2 28. Nf6 Bxf6 29. Rxf6 {[%emt 0:00:25] Weighted Error Value: White=0.41/Black=1.12} 1-0

[Event "44th Chess Olympiad Women 2022"]
[Site "Chennai"]
[Date "2022.08.03"]
[Round "6.41"]
[White "Charinda, Kudzanayi"]
[Black "Enomah Emmanuella Trust"]
[Result "0-1"]
[ECO "B54"]
[WhiteElo "1719"]
[BlackElo "1901"]
[Annotator "TA"]
[PlyCount "88"]
[EventDate "2022.07.29"]
[EventType "team-tourn"]
[EventCountry "IND"]
[SourceTitle "playchess.com"]
[Source "ChessBase"]
[SourceQuality "1"]
[WhiteTeam "Zimbabwe"]
[BlackTeam "Nigeria"]
[WhiteTeamCountry "ZIM"]
[BlackTeamCountry "NGR"]
[TimeControl "40/5400+30:1800+30"]

1. e4 c5 2. Nf3 e6 3. d4 cxd4 4. Nxd4 a6 5. Nc3 d6 6. Be3 Nd7 {[%emt 0:01:45] B54: Sicilian: 2...d6 3 d4 cxd4 4 Nxd4, Unusual Lines .} 7. Be2 b5 8. O-O (8. a4 $1 $14) 8... Bb7 $11 {[%emt 0:00:27] [#] The position is equal.} 9. f4 $146 ({Predecessor:} 9. Nb3 Ngf6 10. f3 Be7 11. Kh1 O-O 12. g4 b4 13. Nb1 Ne5 14. Bd4 Ng6 15. Bf2 {0-1 (29) Stasieluk,S (1467)-Murawko,J (1479) Bialystok 2010}) 9... b4 (9... Ngf6 $11) 10. Nb1 Bxe4 11. Bf3 (11. c3 $1 $11 {keeps the balance.}) 11... Bxf3 $17 12. Qxf3 d5 13. Nd2 {[%emt 0:01:22] White is now going downhill.} Ngf6 14. Rae1 Bc5 15. Nxe6 $2 fxe6 $19 16. g4 O-O 17. g5 Ne8 18. Nb3 Bxe3+ 19. Rxe3 Qb6 {[%emt 0:02:13][%cal Od7e5] [#] Threatens to win with ...Ne5!} 20. Kh1 Nc7 21. Qh3 Rf7 22. Rg3 g6 23. Qg4 Raf8 24. h4 Qd6 25. Rgf3 e5 26. f5 Rxf5 27. Rxf5 Rxf5 28. Rxf5 gxf5 29. Qxf5 Qe6 30. Qf3 e4 31. Qf4 Qe5 32. Qg4 Qe6 33. Qf4 Nb5 34. Nc1 Nd4 {[%emt 0:02:13] [#] aiming for ...Qh3+.} 35. c3 bxc3 36. bxc3 Qh3+ 37. Kg1 Qxc3 38. Kh2 Nf3+ 39. Kh3 Nd2+ (39... Qe1 $142 40. Nb3 Qh1+ 41. Kg4 Qxh4+ 42. Kf5 Qh3+ 43. Qg4 Nh4+ 44. Kf4 Ng2+ 45. Kf5 Ne3+ 46. Ke6 Qxg4+ 47. Kd6 Nc4+ 48. Kxd5 Ndb6+ 49. Kc5 Qf5+ 50. Kb4 a5+ 51. Nxa5 Qxa5+ 52. Kb3 Qd2 53. a4 Qb2#) 40. Kg4 Qxc1 {[%emt 0:02:57] Black mates.} 41. Qd6 Qd1+ 42. Kh3 Qf3+ 43. Kh2 Nf1+ 44. Kg1 Qg3+ {[%emt 0:00:15] Weighted Error Value: White=0.76/Black=0.14 (very precise)} 0-1

[Event "44th Chess Olympiad Women 2022"]
[Site "Chennai"]
[Date "2022.08.03"]
[Round "6.54"]
[White "Deng, Jing Xin Crystal"]
[Black "Mpinganjira, Ellen"]
[Result "1-0"]
[ECO "E90"]
[WhiteElo "1914"]
[BlackElo "1334"]
[Annotator "TA"]
[PlyCount "57"]
[EventDate "2022.07.29"]
[EventType "team-tourn"]
[EventCountry "IND"]
[SourceTitle "playchess.com"]
[Source "ChessBase"]
[SourceQuality "1"]
[WhiteTeam "Hong Kong"]
[BlackTeam "MAW"]
[WhiteTeamCountry "HKG"]
[TimeControl "40/5400+30:1800+30"]

1. d4 c5 2. d5 d6 3. c4 g6 4. Nc3 Bg7 5. e4 Na6 6. h3 Nf6 7. Nf3 Nc7 8. Bd3 a6 9. a4 Bd7 10. O-O O-O 11. Re1 {[%emt 0:01:21] [#]} Re8 $146 {[%emt 0:00:00] E90: King's Indian: Classical: Early deviations and 6 h3.} (11... e5 $142) ({Predecessor:} 11... b6 12. Bf4 Rb8 13. e5 Nfe8 14. Qe2 Rb7 15. b3 Qb8 16. Rac1 b5 17. axb5 axb5 18. exd6 exd6 19. Ne4 bxc4 20. Bxc4 {1-0 (33) Palachev,P (2370)-Vazhenin,A (2144) Samara 2017}) 12. Bf1 {[%emt 0:09:12] White is more active.} ({White should play} 12. e5) 12... Qc8 (12... e5 $142) 13. Bf4 Qd8 {[%emt 0:03:46] White is clearly better.} 14. Qd2 (14. e5 $18) 14... Bc8 (14... e5 $16) 15. Rad1 b6 (15... Nd7 $142 16. a5 Rb8) 16. e5 $18 dxe5 17. Nxe5 (17. Bxe5 $6 a5 18. b3 Bb7 $16) 17... Bb7 18. Qe3 Nd7 $2 {[%emt 0:07:15] [#]} (18... a5 19. g4 Qc8) 19. Nc6 {[%emt 0:01:36] White is clearly winning.} Bxc6 20. dxc6 Bd4 21. Qg3 ({Don't take} 21. cxd7 Bxe3 22. dxe8=Q+ Qxe8 23. Bxc7 Bd4 $18) 21... Ne6 22. cxd7 Qxd7 23. Nd5 Qb7 24. Be5 Rad8 25. Bxd4 Nxd4 26. Qg5 f6 27. Qg4 Kf7 28. Bd3 e6 {[%emt 0:02:36] [#]} 29. Qh4 $1 {[%emt 0:00:51][%csl LRf6,LRh7] Weighted Error Value: White=0.17 (very precise) /Black=0.50} 1-0

[Event "44th Chess Olympiad Women 2022"]
[Site "Chennai"]
[Date "2022.08.03"]
[Round "6.78"]
[White "Castro, Neusa Aridas De"]
[Black "Morales Santos, Natasha"]
[Result "1/2-1/2"]
[ECO "C01"]
[WhiteElo "1531"]
[BlackElo "1924"]
[Annotator "TA"]
[PlyCount "140"]
[EventDate "2022.07.29"]
[EventType "team-tourn"]
[EventCountry "IND"]
[SourceTitle "playchess.com"]
[Source "ChessBase"]
[SourceQuality "1"]
[WhiteTeam "Mozambique"]
[BlackTeam "Puerto Rico"]
[WhiteTeamCountry "MOZ"]
[BlackTeamCountry "PUR"]
[TimeControl "40/5400+30:1800+30"]

1. e4 e6 2. Nf3 d5 3. exd5 exd5 4. d4 Bd6 5. Be2 Ne7 6. c3 {[%emt 0:00:42] C01: French: Exchange Variation.} O-O 7. O-O Nbc6 8. Nbd2 Ng6 9. Re1 {[%emt 0:04:46] [#]} Bf5 $146 ({Predecessor:} 9... Nf4 10. Nf1 Nxe2+ 11. Qxe2 Bg4 12. Qd3 h6 13. h3 Be6 14. Bd2 Qf6 15. Ne3 a6 {0-1 (29) Reguera Alvarez,S-Perez,J (2245) Fuerteventura 1992}) 10. Nf1 Nf4 11. Bb5 Be4 12. Ng3 f5 (12... Re8 $14) 13. h3 $2 (13. Bxc6 $16 {And now Bxf4 would win.} bxc6 14. Bxf4 Bxf4 15. Ne5) 13... a6 ({Black should try} 13... Ne6 $15) 14. Bf1 (14. Bxc6 $14 bxc6 15. Bxf4 Bxf4 16. Nf1) 14... Ng6 15. Ng5 Bxg3 16. fxg3 Qd6 17. g4 (17. Qh5 h6 18. Nxe4 fxe4 $17) 17... Rae8 $2 (17... h6 $15 18. Nxe4 fxe4) 18. Bd2 $2 (18. gxf5 $16 Bxf5 19. Rxe8 (19. Qh5 Nge7 $15) 19... Rxe8 20. Nxh7 $1 (20. Qh5 h6 $15)) 18... Nd8 (18... Re7 $15 {stays ahead.}) 19. gxf5 $16 Bxf5 (19... Rxf5 $2 20. Qg4 Ref8 21. Nxe4 dxe4 22. Qxe4 $18) 20. Qh5 (20. Rxe8 $16 Rxe8 21. Nxh7 $1) 20... h6 21. Rxe8 Rxe8 22. Nf3 Rf8 23. Re1 Be4 24. Nh2 c6 {[%emt 0:02:59] With the idea ...Qg3.} 25. Qg4 {[%emt 0:00:48] Inhibits Qg3.} Qf6 26. Qe2 {[%emt 0:01:27] Prevents Qf2+.} (26. Nf3 Bxf3 27. gxf3 Qxf3 $1 28. Qxf3 Rxf3 $15) (26. Qg3 $5 ) 26... Nf4 27. Bxf4 Qxf4 28. Ng4 Nf7 29. Qe3 Qxe3+ 30. Rxe3 Nd6 31. Ne5 Nf5 32. Re1 Ng3 33. Nd7 Rf7 34. Nc5 h5 ({Don't play} 34... Rxf1+ 35. Rxf1 Nxf1 36. Kxf1 $16) ({Resist} 34... Nxf1 35. Nxe4 dxe4 36. Rxf1 $14) (34... Bf5 $11 {remains equal.}) 35. Nxe4 Nxe4 {[%emt 0:00:32][%mdl 4096] Endgame KRB-KRN} 36. Bd3 Nf6 37. Bg6 {[%emt 0:00:41] White is more active.} Rc7 38. Re6 Kf8 39. Kf2 Re7 {[%emt 0:00:42] [#]} (39... h4 $16) 40. Rxe7 $1 $18 Kxe7 {[%emt 0:00:02] KB-KN} 41. Ke3 b6 (41... Kd6 $16 42. Kf4 c5) 42. Kf4 h4 43. Kg5 c5 (43... Nd7 $142 44. Bf5 (44. Kxh4 c5 $16) 44... Nf8 45. Kxh4 Kf6) 44. Kxh4 cxd4 45. cxd4 Nd7 46. Kg5 Nb8 47. Kf4 {[%emt 0:00:00] Threatens to win with Ke5.} Nc6 48. Ke3 Kf6 49. Bh5 Nb4 50. a3 (50. Bf3 $16) 50... Nc2+ $11 51. Kd2 Nxd4 52. Kc3 Ke5 53. Kd3 Ne6 {[%emt 0:01:39] aiming for ...Nf4+.} 54. g3 {[%emt 0:00:00] Inhibits Nf4+.} (54. Ke3 $11 {and White has nothing to worry.}) 54... Nc5+ $2 (54... Ng5 $19 55. h4 Ne4) 55. Ke3 d4+ (55... Na4 $1 $15 56. Be2 a5) 56. Kf3 $1 Nd3 57. b3 a5 58. Bg6 Nc1 59. b4 Na2 60. bxa5 bxa5 61. a4 Nc3 62. Bc2 $2 (62. Be8 $11) 62... Nd5 $2 ({Better is} 62... Kd5 $19 {...Kc4 is the strong threat.} 63. Bd3 Nxa4) 63. h4 {[%emt 0:01:16][%cal Bh3h4,Bh4h5][%mdl 32] The position is equal.} Ne3 64. Bd3 Nd5 65. g4 Nf4 66. Bf1 Ng6 67. h5 Nf4 68. Bc4 Nh3 $1 69. Bd3 Ng5+ 70. Kg3 Ne6 {[%emt 0:00:33] Quite a comeback for White.  Weighted Error Value: White=0.28 (precise) /Black=0.34} 1/2-1/2